 Dungeon Crawl Stone Soup version 0.28.0 (webtiles) character file.

Game seed: 8553194194953085943

406 croobank the Covert (level 6, -1/40 (43) HPs)
             Began as a Felid Delver on Feb 17, 2022.
             Slain by a two-headed ogre (6 damage)
             ... on level 6 of the Dungeon on Feb 18, 2022.
             The game lasted 00:20:53 (4554 turns).

croobank the Covert (Felid Delver)                  Turns: 4554, Time: 00:20:53

HP:   -1/40 (43)    AC: 23    Str:  8    XL:     6   Next: 56%
MP:   6/6           EV:  4    Int: 13    God:
Gold: 169           SH:  0    Dex: 18    Spells: 5/5 levels left
                                        Lives: 0   Deaths: 2

rFire   + . .      SeeInvis +     - Unarmed
rCold   + . .      Faith    .   (shield unavailable)
rNeg    . . .      Spirit   .   (armour unavailable)
rPois   +          Reflect  .   (helmet unavailable)
rElec   +          Harm     .   (cloak unavailable)
rCorr   +          Rampage  .   (gloves unavailable)
Will    .....      Rage     1%  (boots unavailable)
Stlth   +++++..... NoTele   +   (no amulet)
HPRegen 0.13/turn               (no ring)
MPRegen 0.10/turn               (no ring)

@: tree-form, resistant, drained
A: stationary, stasis, torment immunity, boosted hp, very small, (claws 1),
(fangs 3), see invisible, (speed 1), (shaggy fur 2), (stealthy paws), no weapons
or thrown items, no armour, multi-lived, berserk 1, low MP 1
a: no special abilities


You were on level 6 of the Dungeon.
You were a tree.
You visited 1 branch of the dungeon, and saw 7 of its levels.

You collected 169 gold pieces.

Inventory:

Missiles
 f - 133 stones
Wands
 b - a wand of paralysis (1)
 e - a wand of digging (3)
Scrolls
 a - a scroll of fog
Potions
 c - a potion of curing
 n - a potion of might {unknown}


   Skills:
 - Level 4.4 Fighting
 - Level 5.1 Dodging
 + Level 11.7 Stealth
 - Level 3.8 Unarmed Combat


You had 5 spell levels left.
You didn't know any spells.
Your spell library contained the following spells:

 Spells                   Type           Power      Damage    Failure   Level
 Frozen Ramparts          Ice            0%         1d2       67%         3
 Ignite Poison            Fire/Tmut/Pois 0%         N/A       67%         3
 Mephitic Cloud           Conj/Pois/Air  0%         N/A       67%         3
 Animate Dead             Necr           0%         N/A       97%         4
 Ice Form                 Ice/Tmut       0%         N/A       97%         4
 Summon Ice Beast         Ice/Summ       0%         N/A       97%         4
 Blade Hands              Tmut           0%         N/A       100%        5
 Borgnjor's Vile Clutch   Necr/Erth      0%         N/A       100%        5
 Freezing Cloud           Conj/Ice/Air   0%         6-21      100%        5
 Death Channel            Necr           0%         N/A       100%        6
 Iron Shot                Conj/Erth      0%         9d1       100%        6
 Animate Armour           Summ/Erth      Unusable   N/A       N/A         4

Dungeon Overview and Level Annotations

Branches:
Dungeon (7/15)
 Temple: D:4-7

Altars:
Nemelex Xobeh
Xom


Innate Abilities, Weirdness & Mutations

You are a tree.
Your roots penetrate the ground, keeping you stationary.
You cannot be teleported.
You are immune to unholy pain and torment.
Your maximum health is greatly increased.
((You have sharp claws.))
((You have razor-sharp teeth.))
You have supernaturally acute eyesight. (SInv)
((You cover ground quickly. (Speed+)))
((You are covered in thick fur. (AC +2)))
((Your paws help you pounce on unaware monsters.))
You are incapable of wielding weapons or throwing items.
You cannot wear armour.
You gain extra lives every three experience levels.
You tend to lose your temper in combat.
Your magical capacity is low. (-10% MP)


Message History

The wight is moderately damaged.
The wight completely misses you.
You barely miss the wight.
The wight is moderately damaged.
The wight misses you.
Okay, then.
It was a potion of lignification.
You turn into a tree.
Your roots penetrate the ground.
The wight hits you but does no damage. The orc hits you with a +0 hand axe.
You hit the wight.
The wight is moderately damaged.
The wight hits you with a +3 spear.
You feel drained. The orc hits you with a +0 hand axe.
You hit the wight but do no damage.
The wight is moderately damaged.
The wight hits you but does no damage. The orc hits you but does no damage.
The wight hits you with a +0 mace.
You feel drained.
You hit the wight but do no damage.
The wight is moderately damaged.
The wight completely misses you. The wight barely misses you.
You smack the wight!
The wight is almost destroyed.
The wight hits you with a +3 spear.
You feel drained.
You hit the wight.
You destroy the wight!
The wight hits you but does no damage.
The two-headed ogre hits you with a +0 giant club.
The two-headed ogre barely misses you.
The wight hits you with a +0 great sword!
* * * LOW HITPOINT WARNING * * *
You feel drained.
You hit the two-headed ogre.
The two-headed ogre is severely wounded.
The wight hits you but does no damage.
You smack the two-headed ogre!
The two-headed ogre is severely wounded.
The two-headed ogre hits you with a +0 giant club.
* * * LOW HITPOINT WARNING * * *
The two-headed ogre hits you with a +0 giant spiked club.
You die...

#.# ##..
#..#...#....#.# #..
'...+..#...#..###.# ###
#... #.#...........
'####... #.#....#..##.#
........ #.........#...
......(# #....#.#..#..#
.z....Z###.####.#..#..#
#zz...........#..#
#♣####.###.#..#..# #O#
#..##.......# #o#
##.####.### .# #o#
#..#...... #<
#o######.# #...# #.
###o...###.#.#.#.### #.
#....§§..#...#......
###.
##.≈§≈≈≈≈.....#.#.###
..o #.O≈≈≈≈≈≈.....#.#.#


You could see a two-headed ogre, 2 wights, 4 orcs and a howler monkey skeleton.

Vanquished Creatures
  A shadow (D:7)
  A sky beast (D:7)
  2 ogres
  A bullfrog (D:6)
  A gnoll sergeant (D:7)
  3 wights
  A bullfrog skeleton (D:6)
  Jessica (D:2)
  A killer bee zombie (D:7)
  8 gnolls
  4 adders
  A shadow imp (D:7)
  3 dart slugs
  9 orcs
  8 bats
  4 endoplasms
  8 giant cockroaches
  4 hobgoblins
  5 kobolds
  2 quokkas (D:3)
  3 ball pythons (D:1)
  3 frilled lizards
  4 goblins
  5 rats
83 creatures vanquished.

Notes
Turn   | Place    | Note
-------+----------+-------------------------------------------
     0 | D:5      | croobank the Felid Delver began the quest for the Orb.
     0 | D:5      | Reached XP level 1. HP: 10/10 MP: 2/2
     8 | D:5      | Noticed a phantom
    86 | D:3      | Found a faded altar of an unknown god.
   171 | D:2      | Noticed Jessica
   529 | D:1      | Reached XP level 2. HP: 14/14 MP: 3/3
  1405 | D:1      | Reached XP level 3. HP: 17/17 MP: 4/4
  1430 | D:1      | Reached skill level 7 in Stealth
  1632 | D:2      | Gained mutation: You tend to lose your temper in combat.
                  | [potion of mutation]
  1632 | D:2      | Gained mutation: Your magical capacity is low. (-10% MP)
                  | [potion of mutation]
  2221 | D:2      | Killed Jessica
  2222 | D:2      | Reached XP level 4. HP: 21/21 MP: 4/4
  3191 | D:3      | Found a shimmering altar of Xom.
  3577 | D:4      | Noticed a kobold brigand
  3700 | D:5      | Noticed an ogre
  3703 | D:5      | Killed an ogre
  3704 | D:5      | Reached XP level 5. HP: 25/25 MP: 5/5
  3805 | D:5      | Noticed a necrophage
  3874 | D:6      | Reached skill level 8 in Stealth
  3874 | D:6      | Gained mutation: You are covered in thick fur. (AC +2)
                  | [Felid growth]
  3874 | D:6      | Reached XP level 6. HP: 28/28 MP: 6/6
  3906 | D:6      | Reached skill level 5 in Dodging
  3959 | D:7      | Slain by a gnoll sergeant
  3960 | D:7      | Reached XP level 5. HP: 0/25 MP: 5/5
  3960 | D:7      | Reached skill level 9 in Stealth
  3960 | D:7      | Reached XP level 6. HP: 29/29 MP: 6/6
  4006 | D:7      | Noticed a shadow
  4036 | D:7      | Killed a shadow
  4037 | D:7      | Reached skill level 10 in Stealth
  4295 | D:7      | Noticed a sky beast
  4301 | D:7      | Killed a sky beast
  4302 | D:7      | Reached skill level 11 in Stealth
  4302 | D:7      | Reached XP level 7. HP: 30/33 MP: 7/7
  4313 | D:6      | Found a sparkling altar of Nemelex Xobeh.
  4461 | D:6      | Noticed a two-headed ogre
  4466 | D:6      | Slain by a two-headed ogre
  4467 | D:6      | Reached XP level 6. HP: -5/29 MP: 6/6
  4554 | D:6      | Slain by a two-headed ogre

Illustrated notes

Levels and vault maps discovered:
D:1:      saegor_arrival_simple_d, layout_loops_ring
D:2:      layout_loops_corners, minivault_11, uniq_jessica
D:3:      layout_basic, mainiacjoe_overflow_alcove_4, serial_co_window_serial,
          co_window_paths_b, co_window_paths_a, co_window_of_opportunity_a,
          co_window_corner_a, co_window_corner_a, co_window_cross_2,
          co_window_unsneaky_path_c, co_window_broadway_c, co_window_4corner_b,
          glass_columns_b, glass_columns_c, glass_columns_a,
          nicolae_ecumenical_pavilion, minmay_misc_feat_nine_boxes,
          kennysheep_generic_room_10
D:4:      layout_rooms, lemuel_coloured_pillars_altar,
          ashenzari_conservatory_becter, minmay_temple_entry_fiery,
          st_stairs_11, corexii_shack
D:5:      layout_basic, nicolae_elyvilon_peaceful_grove, uniq_crazy_yiuf_cottage
D:6:      layout_basic, lemuel_tele_altar, general_overflow_altar
D:7:      layout_basic

Skill      XL: |  1  2  3  4  5  6 |
---------------+-------------------+-----
Dodging        | 3 4 5 |  5.1
Stealth        | 7 9 11 | 11.7
Unarmed Combat | 3 |  3.8
Fighting       | 4 |  4.4

Action                   |  1- 3 |  4- 6 |  7- 9 || total
-------------------------+-------+-------+-------++-------
Melee: Unarmed           |    86 |   131 |    16 ||   233
       Bite              |     4 |    19 |     1 ||    24
       Punch             |     2 |     9 |     1 ||    12
Evoke: Wand              |       |     1 |       ||     1
  Use: Scroll            |     3 |     5 |       ||     8
       Potion            |     1 |    10 |     1 ||    12
 Stab: Sleeping          |    15 |    17 |     1 ||    33
       Distracted        |     1 |       |       ||     1
       Invisible         |       |     1 |     2 ||     3
Armor: Skin              |     8 |     7 |       ||    15
Dodge: Dodged            |    63 |   103 |     9 ||   175
